Map: Newkirk Precinct TE (Void)

Players

Musumeci

  • Race: Zerg Zerg
  • League: Diamond
  • Spawn Location: 7:00

Ariez - Winner!

  • Race: Terran Terran
  • League: Diamond
  • Spawn Location: 5:00

VOD

Have the link to the VOD?

Description

Time

  • Played on: Jan. 15, 2017, 3:57 p.m.
  • Length: 4:24
Show
View Real Time Build Order
Export as new Build Order

Musumeci Zerg 

Build Orders: Pool Only 

Get SALT Encoding   

  12  0:20  Spawning Pool  
  11  0:23  Drone  
  11  0:25  Extractor  
  11  0:30  Drone  
  11  0:34  Drone  
  13  0:40  Drone  
  14  0:50  Overlord  
  14  1:06  Roach Warren  
  14  1:10  Zergling x2  
  14  1:14  Extractor  
  13  1:19  Drone  
  14  1:46  Roach x3  
  20  2:07  Ravager  
  20  2:08  Ravager  
  22  2:16  Overlord  
  21  2:42  Spore Crawler  
  16  3:06  Ravager  
  9  3:38  Roach  
  8  3:47  Drone x2  
  9  4:04  Drone x2  
  9  4:08  Ravager  
Show
View Real Time Build Order
Export as new Build Order

Ariez Terran - Winner!

Build Orders: Reaper Expand 

Get SALT Encoding   

  12  0:00  SCV  
  13  0:13  SCV  
  14  0:19  Supply Depot  
  14  0:25  SCV  
  15  0:40  SCV  
  15  0:41  Barracks  
  16  0:46  Refinery  
  16  0:52  SCV  
  17  1:04  SCV  
  18  1:16  SCV  
  19  1:29  Orbital Command, Reaper, Supply Depot  
  20  1:55  SCV  
  20  1:57  Command Center  
  21  2:07  Barracks Reactor  
  21  2:11  SCV  
  21  2:13  Refinery, Barracks  
  22  2:23  SCV  
  23  2:35  SCV  
  22  2:48  SCV  
  23  2:51  Marine  
  23  2:54  Marine  
  25  3:01  Marine  
  26  3:11  Marine  
  27  3:19  Marine  
  26  3:29  Marine  
  23  3:45  Supply Depot  
  23  3:50  Bunker  
  23  3:58  Supply Depot  
  23  4:05  Factory  
  23  4:08  Supply Depot  
  23  4:16  Barracks, Engineering Bay  
  23  4:23  Supply Depot  
Tags
 
Add a new tag
Caveats
  • Supply blocks, unpowered buildings, or Contaminate may cause inaccurate times.
  • Supply counts are checked every 10 seconds.